 Dungeon Crawl Stone Soup version 0.24.1-8-ga250c9d538 (webtiles) character file.

Game seed: 6682017089159099833, levelgen mode: deterministic

138 nightchill the Chopper (level 5, -3/41 HPs)
             Began as a Demonspawn Gladiator on May 6, 2020.
             Slain by an orc wizard
             ... wielding a +0 dagger of holy wrath
              (4 damage)
             ... on level 2 of the Dungeon.
             The game lasted 00:03:44 (1596 turns).

nightchill the Chopper (Demonspawn Gladiator)       Turns: 1596, Time: 00:03:45

Health: -3/41      AC:  9    Str: 15    XL:     5   Next: 1%
Magic:  5/5        EV: 11    Int: 10    God:
Gold:   112        SH:  0    Dex: 14    Spells: 4/4 levels left

rFire    . . .     SeeInvis .   a - +0 war axe
rCold    + . .     Gourm    .   (no shield)
rNeg     . . .     Faith    .   h - +3 ring mail
rPois    .         Spirit   .   c - +0 helmet
rElec    .         Reflect  .   (no cloak)
rCorr    .         Harm     .   (no gloves)
MR       .....                  (no boots)
Stlth    +.........             (no amulet)
HPRegen  0.13/turn              (no ring)
MPRegen  0.09/turn              (no ring)

@: no status effects
A: cold resistance 1
a: no special abilities


You were on level 2 of the Dungeon.
You were not hungry.

You visited 1 branch of the dungeon, and saw 2 of its levels.

You collected 112 gold pieces.

Inventory:

Hand Weapons
 a - a +0 war axe (weapon)
Missiles
 d - a throwing net (quivered)
 n - 45 stones
Armour
 c - a +0 helmet (worn)
 g - a +0 ring mail
 h - a +3 ring mail (worn)
Scrolls
 b - a scroll of enchant weapon {unknown}
 e - a scroll of fear {unknown}
 j - 2 scrolls of identify {unknown}
 k - 2 scrolls of teleportation {unknown}
 m - a scroll of magic mapping {unknown}
Potions
 i - a potion of lignification {unknown}
Comestibles
 f - 5 rations
 l - 6 chunks of flesh


   Skills:
 + Level 3.3 Fighting
 * Level 4.5 Axes
 - Level 1.7 Throwing
 - Level 2.6 Dodging


You had 4 spell levels left.
You didn't know any spells.
Your spell library was empty.

Dungeon Overview and Level Annotations

Branches:
Dungeon (2/15)

Altars:
Gozag
Zin


Innate Abilities, Weirdness & Mutations

Your flesh is cold resistant. (rC+)


Message History

You throw a throwing net.
The throwing net barely misses the orc wizard.
The orc wizard misses you.
The orc wizard hits you but does no damage.
The orc hits you with a +0 flail.
* * * LOW HITPOINT WARNING * * *
The orc wizard casts a spell at you. The magic dart hits you.
* * * LOW HITPOINT WARNING * * *
Throwing (i - inventory. (/) - cycle)
d - 2 throwing nets (quivered)
Press: ? - help, Shift-Dir - straight line, f/p - orc wizard
Aim: an orc wizard, wielding a +0 dagger of holy wrath and wearing a +0 robe (severely wounded, fast)
You throw a throwing net.
The throwing net barely misses the orc wizard.
You feel yourself speed up. The orc wizard casts a spell at you.
You resist with some effort. The orc hits you with a +0 flail.
* * * LOW HITPOINT WARNING * * *
The orc wizard hits you with a +0 dagger of holy wrath.
You die...

♣.....##..#
♣♣♣#.###.##
. #..÷..#
.♣ #.o...#
.. #o<...#
#o....#
#.....#
#.#####
#oo@.##
####o(#
#.###(#
#....÷#
####.)#
##?.# .....
#...(...
#.........


You could see an orc wizard and 2 orcs.

Vanquished Creatures
  A centaur (D:2)
  A gnoll (D:2)
  A worm (D:2)
  3 dart slugs
  A leopard gecko (D:2)
  An orc (D:2)
  A ball python (D:2)
  7 bats
  A giant cockroach (D:1)
  5 goblins
  5 hobgoblins
  4 kobolds
  A frilled lizard (D:2)
  8 rats
40 creatures vanquished.

Notes
Turn   | Place    | Note
-------+----------+-------------------------------------------
     0 | D:1      | nightchill the Demonspawn Gladiator began the quest for the
                  | Orb.
     0 | D:1      | Reached XP level 1. HP: 16/16 MP: 1/1
   179 | D:1      | Reached skill level 3 in Axes
   273 | D:1      | Gained mutation: Your flesh is cold resistant. (rC+)
                  | [demonic ancestry]
   273 | D:1      | Reached XP level 2. HP: 22/22 MP: 2/2
  1060 | D:2      | Reached XP level 3. HP: 28/28 MP: 3/3
  1083 | D:2      | Found an opulent altar of Gozag.
  1085 | D:2      | Found a glowing silver altar of Zin.
  1472 | D:2      | Noticed a centaur
  1482 | D:2      | Killed a centaur
  1482 | D:2      | Reached skill level 4 in Axes
  1482 | D:2      | Reached XP level 4. HP: 20/35 MP: 4/4
  1591 | D:2      | Reached XP level 5. HP: 24/41 MP: 5/5
  1596 | D:2      | HP: 1/41 [orc/+0 flail (2)]
  1596 | D:2      | Slain by an orc wizard

Levels and vault maps discovered:
D:1:      dpeg_arrival_arbitrary_c, layout_loops_ring
D:2:      kb_forest_paths, layout_rooms, grunt_temple_overflow_gold_and_silver,
          uniq_crazy_yiuf_cottage

Skill      XL: |  1  2  3 |
---------------+----------+-----
Axes           | 3 4 |  4.5
Fighting       | 3 |  3.3
Throwing       | |  1.7
Dodging        | |  2.6

Action                   |  1- 3 |  4- 6 || total
-------------------------+-------+-------++-------
Melee: War axe           |   129 |    12 ||   141
Throw: Throwing net      |       |     2 ||     2
  Eat: Chunk             |     2 |       ||     2
Armor: Ring mail         |    64 |    11 ||    75
Dodge: Dodged            |   107 |    20 ||   127
